AoeStats
← Heinzistcool

Fortress

508514354Analyzed
4v4 RM · 8d ago on Sep 22, 2026· 40m 4s· 8 players
Game mode
Random Map
Map size
Huge
Population
200
Speed
Normal
Resources
Standard
Victory
Conquest
Starting age
Dark Age
Ending age
Imperial Age
RankedLock teamsTeams togetherTeam positionsShared explorationLock speedFull tech treeHidden civsTurbo modeCheats
Victory
Defeat
🇩🇪 Varangians · Germany
1847
+11
🇩🇪 Saxons · Germany
1701
+17
🇩🇪 Varangians · Germany
1614
+21
🇩🇪 Danes · Germany
1493
+26
🇹🇷 Danes · Türkiye
1797
-21
🇹🇷 Bohemians · Türkiye
1760
-20
🇹🇷 Varangians · Türkiye
1702
-18
🇹🇷 Varangians · Türkiye
1654
-16
FeelMySpike
6:14 Feudal Age
11:12 Castle Age
9:16 Double-Bit Axe
9:35 Horse Collar
13:12 Bow Saw
19:05 Wheelbarrow
19:26 Loom
21:10 Hand Cart
21:01 Heavy Plow
21:00 Gold Mining
25:16 Imperial Age
23:09 Town Watch
23:40 Bloodlines
23:30 Husbandry
24:08 Scale Barding Armor
24:13 Forging
23:42 Vendel Legacy
25:30 Chain Barding Armor
26:25 Iron Casting
25:23 Cavalier
28:04 Plate Barding Armor
27:45 Caravan
28:41 Conscription
29:42 Stone Mining
29:37 Elite Jarl
31:51 Blast Furnace
33:47 Light Cavalry
36:53 Coinage
36:34 Guilds
HunTerZ
7:01 Feudal Age
10:47 Castle Age
9:09 Double-Bit Axe
12:39 Horse Collar
19:52 Wheelbarrow
20:21 Town Watch
26:38 Imperial Age
24:31 Loom
25:18 Scale Barding Armor
27:12 Onager
29:17 Hand Cart
30:12 Conscription
31:26 Chemistry
30:32 Siege Engineers
31:28 Town Patrol
33:49 Conscription
32:52 Gothikon
33:51 Scale Mail Armor
34:02 Forging
34:49 Chain Mail Armor
34:13 Elite Varangian Guard
35:02 Squires
34:47 Gambesons
34:48 Arson
35:11 Caravan
36:14 Iron Casting
36:55 Plate Mail Armor
38:07 Pikeman
Prometheus
7:36 Feudal Age
11:12 Castle Age
9:20 Double-Bit Axe
9:23 Horse Collar
12:18 Bow Saw
13:35 Loom
14:20 Loom
14:46 Loom
16:26 Town Watch
16:27 Loom
17:22 Wheelbarrow
20:41 Heavy Plow
24:04 Imperial Age
23:43 Hand Cart
23:13 Town Watch
24:08 Wagenburg Tactics
25:55 Chemistry
25:21 Conscription
26:58 Scale Mail Armor
27:00 Padded Archer Armor
27:01 Squires
26:22 Pikeman
27:35 Halberdier
28:45 Leather Archer Armor
28:55 Houfnice
29:56 Caravan
31:18 Siege Engineers
33:50 Ring Archer Armor
33:36 Chain Mail Armor
35:19 Masonry
lalalalala
7:14 Feudal Age
10:43 Castle Age
8:41 Horse Collar
9:10 Double-Bit Axe
13:55 Bow Saw
14:33 Wheelbarrow
18:45 Hand Cart
18:17 Loom
18:37 Town Watch
19:19 Gold Mining
20:54 Gold Shaft Mining
24:26 Imperial Age
23:33 Scale Mail Armor
23:43 Forging
23:41 Stone Mining
24:57 Chain Mail Armor
24:44 Squires
24:34 Onager
26:50 Chemistry
27:08 Plate Mail Armor
28:07 Siege Onager
29:15 Siege Engineers
30:31 Northmen's Fury
38:59 Caravan
LM | RenLo
7:49 Feudal Age
6:46 Loom
11:40 Castle Age
10:19 Double-Bit Axe
10:29 Horse Collar
11:06 Loom
13:42 Wheelbarrow
14:45 Bow Saw
14:40 Heavy Plow
18:59 Town Watch
21:39 Wheelbarrow
21:20 Town Patrol
23:25 Hand Cart
26:45 Imperial Age
25:23 Scale Mail Armor
25:33 Forging
24:45 Pikeman
25:25 Squires
26:19 Chain Mail Armor
26:33 Gold Mining
27:57 Iron Casting
26:52 Halberdier
26:54 Onager
28:38 Chemistry
28:35 Plate Mail Armor
29:14 Conscription
28:19 Hamask
30:31 Blast Furnace
29:26 Fletching
30:19 Siege Engineers
30:25 Masonry
30:35 Ballistics
30:28 Masonry
30:38 Siege Onager
35:28 Bodkin Arrow
39:08 Bracer
39:17 Caravan
LM | MaggieWuerze
7:31 Feudal Age
11:30 Castle Age
9:18 Double-Bit Axe
9:14 Horse Collar
12:49 Bow Saw
12:55 Heavy Plow
18:45 Squires
18:43 Gold Mining
20:32 Wheelbarrow
19:49 Loom
19:49 Town Watch
22:09 Gold Shaft Mining
24:25 Imperial Age
22:25 Fletching
22:35 Crossbowman
23:40 Thumb Ring
24:32 Bodkin Arrow
24:59 Ballistics
25:16 Bracer
27:52 Conscription
27:39 Padded Archer Armor
27:20 Arbalester
29:12 Chemistry
30:32 Guard Tower
30:28 Arrowslits
31:26 Hoardings
31:37 Caravan
35:38 Two-Man Saw
35:26 Masonry
36:04 Keep
36:29 Clerical Recruitment
38:08 Redemption
38:44 Block Printing
38:59 Illumination
Scherzkeks
7:40 Feudal Age
11:14 Castle Age
9:20 Horse Collar
9:52 Double-Bit Axe
12:10 Heavy Plow
12:21 Bow Saw
18:10 Wheelbarrow
17:20 Loom
20:06 Hand Cart
24:37 Imperial Age
23:11 Scale Barding Armor
23:16 Forging
23:34 Town Watch
24:07 Bloodlines
24:08 Husbandry
24:19 Bloodlines
25:44 Conscription
25:19 Fletching
25:54 Caravan
26:47 Fortified Wall
27:10 Elite Jarl
30:36 Chain Barding Armor
30:52 Iron Casting
34:43 Plate Barding Armor
35:09 Blast Furnace
34:05 Bodkin Arrow
36:38 Gold Mining
36:39 Stone Mining
37:03 Masonry
36:58 Siege Engineers
37:14 Ballistics
37:54 Chemistry
39:06 Coinage
38:46 Guilds
Heinzistcool
6:39 Feudal Age
7:09 Horse Collar
10:20 Castle Age
8:28 Horse Collar
10:29 Double-Bit Axe
12:02 Bow Saw
20:11 Wheelbarrow
20:38 Heavy Plow
21:08 Stone Mining
21:10 Gold Mining
22:02 Hand Cart
22:15 Loom
26:34 Imperial Age
24:37 Forging
25:21 Scale Barding Armor
26:30 Iron Casting
26:14 Caravan
27:01 Chain Barding Armor
27:18 Bloodlines
27:08 Husbandry
26:50 Elite Jarl
29:01 Plate Barding Armor
29:08 Conscription
31:21 Blast Furnace
30:34 Town Watch
34:55 Coinage
37:29 Banking
37:12 Guilds
38:36 Siege Engineers
Connection lost

Rejoining the realm…

Still unreachable

The connection could not be restored.

Session expired

The server has moved on; the page needs a fresh start.